 Dungeon Crawl Stone Soup version 0.30.1-11-g7821555f0a (webtiles) character file.

Game seed: 14151348802907970146

95 PaiMei the Grave Robber (level 4, -2/32 HPs)
             Began as a Demonspawn Necromancer on Jan 4, 2024.
             Slain by Natasha (6 damage)
             ... on level 2 of the Dungeon.
             The game lasted 00:03:09 (2207 turns).

PaiMei the Grave Robber (Demonspawn Necromancer)    Turns: 2207, Time: 00:03:09

Health: -2/32      AC:  3    Str:  9    XL:     4   Next: 40%
Magic:  7/8        EV: 19    Int: 18    God:
Gold:   84         SH:  0    Dex: 13    Spells: 4/8 levels left

rFire   . . .        c - +0 dagger
rCold   . . .        (no shield)
rNeg    . . .        a - +0 robe
rPois   +            (no helmet)
rElec   .            o - +0 cloak
rCorr   .            (no gloves)
SInv    .            (no boots)
Will    .....        k - amulet of the acrobat
Stlth   ++           n - ring of poison resistance
HPRegen 0.25/turn    (no ring)
MPRegen 0.11/turn

%: acrobat
@: agile, slowed, very slow
A: repulsion field 1, powered by pain 1
a: no special abilities


You were on level 2 of the Dungeon.
You visited 1 branch of the dungeon, and saw 2 of its levels.

You collected 84 gold pieces.

Inventory:

Hand Weapons
 c - a +0 dagger (weapon)
Missiles
 j - 2 curare-tipped darts (quivered)
Armour
 a - a +0 robe (worn)
 o - a +0 cloak (worn)
Jewellery
 k - an amulet of the acrobat (around neck)
 n - a ring of poison resistance (left hand)
Scrolls
 d - a scroll of enchant weapon {unknown}
 g - a scroll of enchant armour {unknown}
 i - 2 scrolls of identify {unknown}
 m - a scroll of fear {unknown}
Potions
 b - a potion of magic
 e - 4 potions of curing {unknown}
 f - 3 potions of heal wounds {unknown}
 h - 2 potions of might {unknown}
 l - a potion of brilliance {unknown}


   Skills:
 + Level 1.5 Fighting
 + Level 2.6 Dodging
 - Level 2.0 Stealth
 + Level 2.7 Spellcasting
 + Level 5.0 Necromancy


You had 4 spell levels left.
You knew the following spells:

 Your Spells              Type           Power      Damage    Failure   Level
a - Necrotise             Necr           80%        1d8       2%          1
b - Vampiric Draining     Necr           20%        2d7       6%          3

Your spell library contained the following spells:

 Spells                   Type           Power      Damage    Failure   Level
 Animate Dead             Necr           20%        N/A       22%         4
 Portal Projectile        Hex/Tloc       4%         N/A       45%         3
 Tukima's Dance           Hex            2%         N/A       45%         3
 Agony                    Necr           20%        N/A       52%         5
 Blade Hands              Tmut           1%         N/A       99%         5


Dungeon Overview and Level Annotations

Branches:
Dungeon (2/15)

Altars:

Annotations:
D:2 Natasha


Innate Abilities, Weirdness & Mutations

You are surrounded by a mild repulsion field. (EV +2)
You sometimes gain a little power by taking damage.


Message History

Casting: Necrotise (safe; 2% risk of failure)
Confirm with . or Enter, or press ? or * to list all spells.
You can't see any susceptible monsters within range! (Use Z to cast anyway.)
Casting: Necrotise (safe; 2% risk of failure)
Confirm with . or Enter, or press ? or * to list all spells.
You can't see any susceptible monsters within range! (Use Z to cast anyway.)
There is a strange disturbance nearby!
Something barely misses you.
You hit something but do no damage.
You hear some strange, mumbled words.
You feel yourself slow down.
You barely miss something. Something claws you but does no damage.
You miss something.
You hear a zap.
A puff of flame appears from out of thin air!
The puff of flame misses you.
You hear some strange, mumbled words.
A magic dart appears from out of thin air!
The magic dart hits you.
You miss something.
You hear a zap.
A puff of flame appears from out of thin air!
The puff of flame hits you!
You focus on the pain.
You feel agile all of a sudden.
You hit something but do no damage. Something claws you!
* * * LOW HITPOINT WARNING * * *
Something claws you.
* * * LOW HITPOINT WARNING * * *
You hit something.
You hear some strange, mumbled words.
You feel as though you will be slow longer.
You barely miss something. Something barely misses you. Something claws you.
* * * LOW HITPOINT WARNING * * *
Casting: Necrotise (safe; 2% risk of failure)
Confirm with . or Enter, or press ? or * to list all spells.
You can't see any susceptible monsters within range! (Use Z to cast anyway.)
You closely miss something. Something claws you.
* * * LOW HITPOINT WARNING * * *
You hit something. Something claws you.
You die...

##.##
##.#.########################
##.###.......................#
#.## ##.####.........#######.#
#..###.#####.........# #.#
#.#.#.###............# #.#
#.##.###.#.#.........# #.#
........###..........# #.#
#.####.#.#.#....@....# #.# #.#
#.##.##.....{...# #.# #.#
#.#####.........# #.# ..####.#
#.........# #.# ....##.#
#####.#.### #.# ###.##.#
#...#.# #.# #.##.#### #.###.#
#.# ###.##....# #.# #.# ####.#
..........# #.# #.######....#


There were no monsters in sight!

Vanquished Creatures
  Natasha (D:2)
  A gnoll (D:2)
  2 adders (D:2)
  2 worms (D:2)
  3 dart slugs (D:1)
  3 ball pythons (D:2)
  An endoplasm (D:2)
  6 goblins
  2 jackals (D:2)
  3 bats
  3 frilled lizards
  5 kobolds
  2 rats (D:2)
  A spectral hobgoblin (D:1)
35 creatures vanquished.

Vanquished Creatures (collateral kills)
  A bat (D:2)
1 creature vanquished.

Grand Total: 36 creatures vanquished

Notes
Turn   | Place    | Note
-------+----------+-------------------------------------------
     0 | D:1      | PaiMei the Demonspawn Necromancer began the quest for the
                  | Orb.
     0 | D:1      | Reached XP level 1. HP: 13/13 MP: 3/3
   192 | D:1      | Found a faded altar of an unknown god.
   277 | D:1      | Gained mutation: You sometimes gain a little power by
                  | taking damage. [demonic ancestry]
   277 | D:1      | Reached XP level 2. HP: 18/19 MP: 3/5
   851 | D:1      | You fall into a shaft and drop 1 floor!
   878 | D:2      | Reached XP level 3. HP: 17/25 MP: 1/6
   882 | D:2      | Learned a level 3 spell: Vampiric Draining
  1346 | D:2      | Reached skill level 1 in Fighting
  1629 | D:2      | Noticed Natasha
  1634 | D:2      | Killed Natasha
  1635 | D:2      | Gained mutation: You are surrounded by a mild repulsion
                  | field. (EV +2) [demonic ancestry]
  1635 | D:2      | Reached XP level 4. HP: 6/32 MP: 3/7
  2063 | D:2      | Reached skill level 5 in Necromancy
  2193 | D:2      | Noticed Natasha
  2207 | D:2      | Slain by Natasha

Illustrated notes

Levels and vault maps discovered:
D:1:      scummos_arrival_gate, layout_loops_ring,
          dreamdust_ecumenical_altar_drowned_temple, st_stairs_5
D:2:      layout_loops_ring, cheibrodos_gnoll_hut, uniq_natasha

Skill      XL: |  1  2  3  4 |
---------------+-------------+-----
Dodging        | 2 |  2.6
Stealth        | 2 |  2.0
Fighting       | 1 |  1.5
Necromancy     | 5 |  5.0
Spellcasting   | |  2.7

Action                     |  1- 3 |  4- 6 || total
---------------------------+-------+-------++-------
  Melee: Dagger            |    28 |     9 ||    37
   Cast: Necrotise         |    58 |    14 ||    72
 Armour: Robe              |     7 |     1 ||     8
  Dodge: Dodged            |    27 |     6 ||    33
